 Dungeon Crawl Stone Soup version 0.23.2-33-g5129a83184 (webtiles) character file.

Game seed: 11432914287849440447

123 FishyPogo the Grave Robber (level 5, 0/36 HPs)
             Began as a Barachi Necromancer on July 25, 2019.
             Was an Initiate of Nemelex Xobeh.
             Slain by a jackal (3 damage)
             ... on level 3 of the Dungeon.
             The game lasted 00:20:56 (3664 turns).

FishyPogo the Grave Robber (Barachi Necromancer)    Turns: 3664, Time: 00:20:57

Health: 0/36       AC:  2    Str:  9      XL:     5   Next: 7%
Magic:  2/10       EV: 27    Int: 17      God:    Nemelex Xobeh [......]
Gold:   63         SH:  0    Dex: 10 (12) Spells: 2/11 levels left

rFire    . . .     SeeInvis .   l - +1 short sword
rCold    . . .     Gourm    .   (no shield)
rNeg     . . .     Faith    .   a - +0 robe
rPois    +         Spirit   .   (no helmet)
rElec    .         Reflect  .   (no cloak)
rCorr    .         Harm     .   (no gloves)
MR       .....                  (no boots)
Stlth    ++........             d - amulet of the acrobat
HPRegen  0.12/turn              k - ring of poison resistance
MPRegen  0.12/turn              (no ring)

@: can't hop, acrobat, slow
A: +LOS, swims, slowness 1, strong legs 1
a: Hop, Draw Escape, Draw Destruction, Draw Summoning, Renounce Religion


You were on level 3 of the Dungeon.
You worshipped Nemelex Xobeh.
Nemelex Xobeh was noncommittal.
You were not hungry.

You visited 1 branch of the dungeon, and saw 3 of its levels.

You collected 63 gold pieces.

Inventory:

Hand Weapons
 l - a +1 short sword (weapon)
Armour
 a - a +0 robe (worn)
Jewellery
 d - an amulet of the acrobat (around neck)
 k - a ring of poison resistance (left hand)
Scrolls
 e - a scroll of identify
 m - a scroll of enchant armour
Potions
 f - a potion of haste
 g - a potion of curing
Comestibles
 b - 4 chunks of flesh
 c - 2 rations


   Skills:
 + Level 0.5 Fighting
 + Level 0.6 Short Blades
 + Level 2.4 Dodging
 + Level 2.0 Stealth
 + Level 3.5 Spellcasting
 + Level 4.6 Necromancy


You had 2 spell levels left.
You knew the following spells:

 Your Spells              Type           Power        Failure   Level  Hunger
a - Pain                  Necr           ###.         2%          1    None
b - Animate Skeleton      Necr           N/A          2%          1    None
c - Regeneration          Chrm/Necr      ##........   19%         3    ###....
d - Animate Dead          Necr           N/A          24%         4    ####...

Your spell library contained the following spells:

 Spells                   Type           Power        Failure   Level  Hunger
 Vampiric Draining        Necr           ###.......   8%          3    ###....


Dungeon Overview and Level Annotations

Branches:
Dungeon (3/15)

Altars:
Nemelex Xobeh


Innate Abilities, Weirdness & Mutations

Shadows flee at your approach. (+LOS)
You can swim through water.
You cover ground slowly.
You can hop short distances.


Message History

Aim: a gnoll, wielding a +0 spear (severely wounded)
Okay, then.
Hop to where?
Press: ? - help, Dir - move target cursor, f - you, p - gnoll
Okay, then.
Hop to where?
Press: ? - help, Dir - move target cursor Boing!
The bat hits you but does no damage. The bat completely misses you.
The bat closely misses you.
Your magical contamination has completely faded away.
The bat misses you.
The gnoll hits you from afar with a +0 spear.
* * * LOW HITPOINT WARNING * * *
The jackal barely misses you. The bat completely misses you.
The jackal closely misses you.
The gnoll hits you from afar with a +0 spear.
* * * LOW HITPOINT WARNING * * *
The bat completely misses you. The jackal bites you.
You die...
Your body disappears without a glow.

##.######⌠.⌠###.##
#..)......_..##..#
#........⌠.⌠.###.#
#.......(....# ...
#............# ...
#............# ...
#bg..........# ...
#h...........# ...
#@..##.......# ###
#...##.......# #
#...##.......# #
+...##.......#
#...##########
#...# #...# .....
.....


You could see a gnoll, a jackal and a bat.

Vanquished Creatures
  A hound skeleton (D:2)
  Robin (D:2)
  A gnoll (D:3)
  An adder (D:2)
  2 worms (D:2)
  An orc (D:3)
  2 ball pythons
  5 bats
  3 giant cockroaches
  8 goblins
  9 hobgoblins
  6 jackals
  6 kobolds
  2 frilled lizards
  7 rats
55 creatures vanquished.

Vanquished Creatures (collateral kills)
  2 adders
  A giant cockroach (D:2)
  A hobgoblin (D:2)
4 creatures vanquished.

Grand Total: 59 creatures vanquished

Notes
Turn   | Place    | Note
-------+----------+-------------------------------------------
     0 | D:1      | FishyPogo the Barachi Necromancer began the quest for the
                  | Orb.
     0 | D:1      | Reached XP level 1. HP: 13/13 MP: 3/3
     2 | D:1      | Learned a level 1 spell: Animate Skeleton
   688 | D:1      | Reached XP level 2. HP: 17/19 MP: 1/5
   994 | D:2      | Reached skill level 4 in Necromancy
   994 | D:2      | Noticed Robin
  1665 | D:2      | Reached XP level 3. HP: 9/24 MP: 0/7
  2152 | D:2      | Killed Robin
  2756 | D:2      | Reached XP level 4. HP: 31/31 MP: 6/8
  2988 | D:2      | Learned a level 3 spell: Regeneration
  2993 | D:2      | Learned a level 4 spell: Animate Dead
  3602 | D:3      | Noticed a hippogriff
  3614 | D:3      | Found a sparkling altar of Nemelex Xobeh.
  3623 | D:3      | Reached XP level 5. HP: 25/36 MP: 5/10
  3631 | D:3      | Became a worshipper of Nemelex Xobeh the Trickster
  3664 | D:3      | Slain by a jackal

Skill      XL: |  1  2  3 |
---------------+----------+-----
Stealth        | 2 |  2.0
Necromancy     | 4 |  4.6
Spellcasting   | 3 |  3.5
Fighting       | |  0.5
Short Blades   | |  0.6
Dodging        | |  2.4

Action                   |  1- 3 |  4- 6 || total
-------------------------+-------+-------++-------
Melee: Unarmed           |     6 |       ||     6
       Short sword       |    25 |    36 ||    61
 Cast: Pain              |    77 |    40 ||   117
       Animate Skeleton  |    11 |     9 ||    20
       Regeneration      |       |     2 ||     2
 Abil: Hop               |     2 |     1 ||     3
  Use: Potion            |     5 |       ||     5
       Scroll            |     4 |       ||     4
  Eat: Chunk             |     4 |     3 ||     7
       Ration            |     1 |       ||     1
Armor: Robe              |    16 |     8 ||    24
Dodge: Dodged            |    99 |    46 ||   145
